 Dungeon Crawl Stone Soup version 0.24.0-13-gcf9b319 (webtiles) character file.

Game seed: 16065631799830681145, levelgen mode: deterministic

142 Bronimir the Stinger (level 5, -9/43 HPs)
             Began as a Naga Venom Mage on Mar 31, 2020.
             Killed from afar by Ijyb (15 damage)
             ... with an iceblast
             ... on level 3 of the Dungeon.
             The game lasted 00:03:40 (1644 turns).

Bronimir the Stinger (Naga Venom Mage)              Turns: 1644, Time: 00:03:42

Health: -9/43      AC:  4    Str: 10    XL:     5   Next: 25%
Magic:  2/9        EV: 10    Int: 16    God:
Gold:   84         SH:  0    Dex: 12    Spells: 3/9 levels left

rFire    . . .     SeeInvis +   e - +0 short sword
rCold    . . .     Gourm    .   (no shield)
rNeg     . . .     Faith    .   m - +0 leather armour
rPois    +         Spirit   .   b - +0 helmet
rElec    .         Reflect  .   (no cloak)
rCorr    .         Harm     .   (no gloves)
MR       .....                  (no barding)
Stlth    ++........             (no amulet)
HPRegen  0.14/turn              (no ring)
MPRegen  0.11/turn              (no ring)

@: very slightly contaminated, very slow
A: large, see invisible, deformed body, poison resistance, slowness 2, slow
metabolism 1, spit poison 1, AC +1
a: Spit Poison


You were on level 3 of the Dungeon.
You were not hungry.

You visited 1 branch of the dungeon, and saw 4 of its levels.

You collected 84 gold pieces.

Inventory:

Hand Weapons
 e - a +0 short sword (weapon)
Missiles
 d - 19 stones (quivered)
 o - 26 bolts
Armour
 a - a +0 robe
 b - a +0 helmet (worn)
 f - a +0 ring mail
 m - a +0 leather armour (worn)
Scrolls
 g - a scroll of teleportation {unknown}
 h - a scroll of enchant armour {unknown}
 j - a scroll of remove curse {unknown}
 k - 3 scrolls of amnesia {unknown}
 n - a scroll of random uselessness {unknown}
Potions
 c - a potion of might {unknown}
 i - a potion of flight {unknown}
 l - 2 potions of agility {unknown}


   Skills:
 + Level 0.7 Fighting
 + Level 0.4 Short Blades
 * Level 1.1 Armour
 + Level 2.2 Dodging
 - Level 3.0 Stealth
 * Level 2.8 Spellcasting
 * Level 2.3 Conjurations
 * Level 4.7 Poison Magic


You had 3 spell levels left.
You knew the following spells:

 Your Spells              Type           Power        Failure   Level  Hunger
a - Sting                 Conj/Pois      ##..         6%          1    #......
b - Poisonous Vapours     Pois/Air       ##....       14%         2    ##.....
c - Mephitic Cloud        Conj/Pois/Air  #.......     28%         3    ###....

Your spell library contained the following spells:

 Spells                   Type           Power        Failure   Level  Hunger
 Olgreb's Toxic Radiance  Pois           ###.....     36%         4    #####..
 Venom Bolt               Conj/Pois      ##........   86%         5    ######.


Dungeon Overview and Level Annotations

Branches:
Dungeon (4/15)
 Temple: D:4-7

Altars:

Annotations:
D:3 Ijyb


Innate Abilities, Weirdness & Mutations

You cannot wear boots.
Your serpentine skin is tough. (AC +1)
You have supernaturally acute eyesight. (SInv)
Armour fits poorly on your strangely shaped body.
Your system is resistant to poisons. (rPois)
You cover ground very slowly.
You have a slow metabolism.
You can spit poison.


Message History

The adder bites you.
* * * LOW HITPOINT WARNING * * *
The adder barely misses you.
Casting: Sting (safe; 6% risk of failure)
Confirm with . or Enter, or press ? or * to list all spells.
Aiming: Sting (safe; 6% risk of failure)
Press: ? - help, Shift-Dir - straight line, f/p - adder
Aim: an adder (almost dead, poisoned)
The sting hits the adder.
You kill the adder!
You have got your breath back.
There is an escape hatch in the ceiling here.
The worker ant twitches its antennae in your direction.
A mysterious force pulls you upwards. The hatch slams shut behind you.
The iguana hisses angrily.
The orc shouts!
A kobold and Ijyb come into view.
Ijyb shouts!
You hear a shout!
An orc comes into view. It is wielding a +0 club.
Ijyb zaps a wand.
The mass of ice explodes!
The iceblast engulfs you!
You die...

####$.#..# ..
##..#..###...........
#.###...#...=.......
#.# ##..........g..
.. ........... .
#......o.K.
#.?$.......
#........o.
#..@>l.....
....>..........
...##.......... .
##.........
##......#. ###.####
.. ...


You could see Ijyb, an iguana, 2 orcs and a kobold.

Vanquished Creatures
  A hound (D:4)
  A worker ant (D:4)
  5 adders
  3 oozes (D:1)
  A worm (D:1)
  A dart slug (D:1)
  2 leopard geckos
  An orc (D:4)
  A ball python (D:1)
  2 bats (D:1)
  A giant cockroach (D:1)
  2 goblins
  3 kobolds
  2 frilled lizards
  6 rats
32 creatures vanquished.

Notes
Turn   | Place    | Note
-------+----------+-------------------------------------------
     0 | D:1      | Bronimir the Naga Venom Mage began the quest for the Orb.
     0 | D:1      | Reached XP level 1. HP: 15/15 MP: 3/3
   159 | D:1      | Reached XP level 2. HP: 24/24 MP: 5/5
   428 | D:1      | Reached XP level 3. HP: 30/30 MP: 6/6
   938 | D:1      | Learned a level 2 spell: Poisonous Vapours
   942 | D:1      | Learned a level 3 spell: Mephitic Cloud
  1277 | D:2      | You fall into a shaft and drop 2 floors!
  1290 | D:4      | Reached XP level 4. HP: 14/37 MP: 2/8
  1612 | D:3      | Reached skill level 1 in Armour
  1612 | D:3      | Reached XP level 5. HP: 39/43 MP: 9/9
  1644 | D:3      | Noticed Ijyb
  1644 | D:3      | Killed from afar by Ijyb

Levels and vault maps discovered:
D:1:      dpeg_arrival_rooms_b, layout_loops_cross
D:2:      layout_loops_ring
D:3:      layout_rooms, lemuel_round_altar, minmay_stone_trees_small, uniq_ijyb
D:4:      layout_basic, roderic_st_hans_cross

Skill      XL: |  1  2  3  4 |
---------------+-------------+-----
Conjurations   | 2 |  2.3
Dodging        | 2 |  2.2
Armour         | 1 |  1.1
Fighting       | |  0.7
Short Blades   | |  0.4
Stealth        | |  3.0
Spellcasting   | |  2.8
Poison Magic   | |  4.7

Action                   |  1- 3 |  4- 6 || total
-------------------------+-------+-------++-------
Melee: Short sword       |    44 |    10 ||    54
 Cast: Sting             |    24 |     9 ||    33
       Poisonous Vapours |     1 |     4 ||     5
 Abil: Spit Poison       |    18 |     7 ||    25
 Stab: Sleeping          |     2 |       ||     2
  Eat: Ration            |       |     1 ||     1
Armor: Robe              |     4 |       ||     4
       Leather armour    |     7 |     6 ||    13
Dodge: Dodged            |    34 |    12 ||    46
